 Dungeon Crawl Stone Soup version 0.31-a0-23-gcbde74481b (webtiles) character file.

Game seed: 3365802463463849241

745 porpoise the Trooper (level 7, -6/59 HPs)
             Began as a Merfolk Hunter on May 14, 2023.
             Mangled by a gnoll
             ... wielding a +0 whip
             ... led by a gnoll bouda
              (7 damage)
             ... on level 6 of the Dungeon.
             The game lasted 00:10:41 (3732 turns).

porpoise the Trooper (Merfolk Hunter)               Turns: 3732, Time: 00:10:42

Health: -6/59      AC:  8    Str: 11    XL:     7   Next: 76%
Magic:  7/7        EV: 12    Int:  8    God:
Gold:   220        SH:  0    Dex: 20    Spells: 6/6 levels left

rFire   . . .        a - +0 shortbow
rCold   . . .        (shield currently unavailable)
rNeg    . . .        c - +0 leather armour
rPois   .            (no helmet)
rElec   .            y - +0 cloak {rCorr}
rCorr   +            s - +1 pair of gloves
SInv    .            n - +1 pair of boots
Will    .....        (no amulet)
Stlth   ++           (no ring)
HPRegen 0.29/turn    (no ring)
MPRegen 0.10/turn

%: no passive effects
@: no status effects
A: (nimble swimmer 2), mertail
a: no special abilities


You were on level 6 of the Dungeon.
You visited 1 branch of the dungeon, and saw 6 of its levels.

You collected 220 gold pieces.

Inventory:

Hand Weapons
 a - a +0 shortbow (weapon)
 b - a +0 rapier
Missiles
 h - 6 poisoned darts
 r - a throwing net
Armour
 c - a +0 leather armour (worn)
 n - a +1 pair of boots (worn)
 s - a +1 pair of gloves (worn)
 y - a +0 cloak of preservation (worn)
Magical Staves
 p - a staff of poison
Wands
 w - a wand of flame (18)
Scrolls
 d - 2 scrolls of teleportation
 i - 2 scrolls of immolation
 k - 2 scrolls of summoning
 l - a scroll of brand weapon {unknown}
 m - 2 scrolls of enchant armour
 o - a scroll of vulnerability {unknown}
 u - a scroll of enchant weapon {unknown}
Potions
 e - a potion of might
 f - 3 potions of curing
 g - 2 potions of haste
 j - 2 potions of cancellation
 q - a potion of attraction
 t - 2 potions of degeneration {unknown}
 v - a potion of mutation {unknown}
 x - a potion of berserk rage {unknown}
 z - a potion of lignification {unknown}
 A - a potion of brilliance {unknown}


   Skills:
 + Level 6.7 Fighting
 - Level 4.0 Short Blades
 * Level 5.2 Ranged Weapons
 - Level 2.6 Dodging
 - Level 1.1 Stealth


You had 6 spell levels left.
You didn't know any spells.
Your spell library contained the following spells:

 Spells                   Type           Power      Damage    Failure   Level
 Magic Dart               Conj           0%         1d3       50%         1
 Sting                    Tmut/Pois      0%         1d3       50%         1
 Cigotuvi's Dreadful Rot  Necr/Pois/Air  0%         N/A       65%         2
 Poisonous Vapours        Pois/Air       0%         N/A       65%         2
 Searing Ray              Conj           0%         2d4       65%         2
 Static Discharge         Conj/Air       0%         2-2/arc   65%         2
 Sublimation of Blood     Necr           0%         N/A       65%         2
 Wereblood                Tmut           0%         N/A       65%         2
 Ignite Poison            Fire/Tmut/Pois 0%         N/A       86%         3
 Mephitic Cloud           Conj/Pois/Air  0%         N/A       86%         3
 Airstrike                Air            0%         2d(0-16)  99%         4
 Fulminant Prism          Conj/Hex       0%         3d5       99%         4
 Olgreb's Toxic Radiance  Pois           0%         N/A       99%         4
 Summon Lightning Spire   Summ/Air       0%         N/A       99%         4
 Freezing Cloud           Conj/Ice/Air   0%         6-21      100%        5
 Summon Hydra             Summ           0%         N/A       100%        7


Dungeon Overview and Level Annotations

Branches:
Dungeon (6/15)
 Temple: D:4-7

Altars:
Fedhas
Ru
Trog

Annotations:
D:5 !yak pak


Innate Abilities, Weirdness & Mutations

((You are very nimble when in or above water. (Stealth+, EV+, Speed+++)))
Your lower body shifts to a powerful aquatic tail in water.


Message History

A steam dragon comes into view.
You shoot an arrow.
The arrow hits the steam dragon but does no damage.
You shoot an arrow.
The arrow closely misses the steam dragon.
The steam dragon breathes steam at you. The ball of steam hits you!
You hear a shout! x5
No target in view!
You are engulfed in a cloud of scalding steam.
You are engulfed in a cloud of scalding steam.
You are engulfed in a cloud of scalding steam.
A gnoll bouda and a gnoll come into view.
A gnoll comes into view. It is wielding a +0 whip.
The gnoll bouda shouts!
The gnoll shouts!
You hear a shout! x3
The gnoll misses you.
A gnoll comes into view. It is wielding a +0 whip.
A gnoll comes into view. It is wielding a +0 spear.
The steam dragon breathes steam at you. The ball of steam hits you.
Found a blossoming altar of Fedhas.
You are engulfed in a cloud of scalding steam.
The gnoll hits you but does no damage.
A gnoll comes into view. It is wielding a +0 flail.
The steam dragon barely misses you.
The steam dragon claws you but does no damage.
An orc comes into view. It is wielding a +0 whip.
The gnoll hits you with a +0 whip. The gnoll hits you but does no damage.
The gnoll closely misses you.
The gnoll bouda barks out a call to the hunt!
The gnolls pick up the pace!
The steam dragon bites you! The steam dragon completely misses you.
The gnoll attacks as you move away! The gnoll hits you but does no damage.
The gnoll hits you from afar with a +0 spear.
The gnoll closely misses you. The steam dragon breathes steam at you.
The ball of steam hits you!
* * * LOW HITPOINT WARNING * * *
The gnoll hits you with a +0 whip!
You die...

#.....#.# ♣...._...
#####.#.# ♣.......
#.#.# ....... #.#.#
...... #.#.# # ♣.og♣
#.#.### ♣♣.gg♣♣
####.#....
♣.ggD§♣♣♣♣♣##....#####
#.g@§§....(.##......
####################


You could see a steam dragon (catching breath), a gnoll bouda, 5 gnolls and an
orc.

Vanquished Creatures
  An orc warrior (D:6)
  3 ogres
  A bullfrog (D:6)
  A howler monkey (D:4)
  A jelly (D:4)
  2 orc priests (D:4)
  A hound (D:4)
  An iguana (D:6)
  A sleepcap (D:6)
  4 adders
  A shadow imp (D:6)
  A worm (D:4)
  2 dart slugs
  12 orcs
  6 bats
  5 endoplasms
  3 giant cockroaches
  6 goblins
  8 hobgoblins
  A jackal (D:3)
  7 quokkas
  2 ball pythons (D:4)
  4 frilled lizards
  6 kobolds
  5 rats
85 creatures vanquished.

Vanquished Creatures (collateral kills)
  A jackal (D:3)
1 creature vanquished.

Grand Total: 86 creatures vanquished

Notes
Turn   | Place    | Note
-------+----------+-------------------------------------------
     0 | D:1      | porpoise the Merfolk Hunter began the quest for the Orb.
     0 | D:1      | Reached XP level 1. HP: 16/16 MP: 1/1
   167 | D:1      | Reached XP level 2. HP: 23/23 MP: 2/2
   825 | D:1      | Found a faded altar of an unknown god.
   937 | D:2      | Reached skill level 1 in Short Blades
  1187 | D:2      | Reached XP level 3. HP: 28/28 MP: 3/3
  1337 | D:2      | Reached skill level 3 in Fighting
  1632 | D:3      | Reached XP level 4. HP: 35/35 MP: 4/4
  2148 | D:4      | Reached XP level 5. HP: 41/41 MP: 5/5
  2231 | D:4      | Reached skill level 4 in Fighting
  2586 | D:4      | Noticed an ogre
  2591 | D:4      | Killed an ogre
  2592 | D:4      | Reached skill level 5 in Fighting
  2592 | D:4      | Reached XP level 6. HP: 52/52 MP: 6/6
  2847 | D:5      | Entered Level 5 of the Dungeon
  2885 | D:5      | Found a sacrificial altar of Ru.
  2997 | D:5      | Noticed a yak
  2998 | D:5      | Noticed a yak
  2998 | D:5      | Noticed a yak
  3079 | D:6      | Reached skill level 6 in Fighting
  3153 | D:6      | Noticed an orc warrior
  3171 | D:6      | Reached XP level 7. HP: 40/58 MP: 0/7
  3389 | D:6      | Reached skill level 5 in Ranged Weapons
  3501 | D:6      | Found a bloodstained altar of Trog.
  3722 | D:6      | Noticed a steam dragon
  3730 | D:6      | Found a blossoming altar of Fedhas.
  3732 | D:6      | HP: 1/59 [steam dragon/ball of steam (17)]
  3732 | D:6      | Mangled by a gnoll

Illustrated notes

Levels and vault maps discovered:
D:1:      sevenhm_arrival_forest_fort_small_3, layout_basic,
          hellmonk_ecumenical_altar_prayer_group, minmay_misc_feat_tower
D:2:      layout_loops_cross
D:3:      layout_loops_cross
D:4:      layout_basic
D:5:      layout_basic, nicolae_ru_great_annihilating_truth
D:6:      layout_loops_ring, fedhas_altar_fruit_tree, trog_antimagical

Skill      XL: |  1  2  3  4  5  6  7 |
---------------+----------------------+-----
Short Blades   | 1 2 3 4 |  4.0
Fighting       | 3 5 6 |  6.7
Ranged Weapons | 4 5 |  5.2
Dodging        | |  2.6
Stealth        | |  1.1

Action                     |  1- 3 |  4- 6 |  7- 9 || total
---------------------------+-------+-------+-------++-------
  Melee: Rapier            |    10 |    37 |    32 ||    79
         Punch             |       |       |     4 ||     4
   Fire: Shortbow          |    78 |   106 |     6 ||   190
    Use: Scroll            |     2 |     7 |       ||     9
         Potion            |       |       |     2 ||     2
 Armour: Leather armour    |     8 |    15 |    12 ||    35
  Dodge: Dodged            |    18 |    32 |    17 ||    67

Table legend: (Time is in decaauts)
 A = Elapsed time spent in this place.
 B = Non-inter-level travel time spent in this place.
 C = Inter-level travel time spent in this place.
 D = Time resting spent in this place.
 E = Time spent auto-exploring this place.
 F = Levels seen in this place.
 G = Mean time per level.
                   A        B        C        D        E       F      G
               +--------+--------+--------+--------+--------+-----+--------+
         Total |   3771 |   3677 |     94 |    598 |   2428 |   6 |  628.5 |
       Dungeon |   3771 |   3677 |     94 |    598 |   2428 |   6 |  628.5 |
               +--------+--------+--------+--------+--------+-----+--------+

Top non-repeatable levels by time:
     D:1: 921 daAuts
     D:4: 826 daAuts
     D:6: 682 daAuts
     D:2: 606 daAuts
     D:3: 538 daAuts
     D:5: 196 daAuts
